 Dungeon Crawl Stone Soup version 0.14.0-24-gfb45beb (webtiles) character file.

234 Golfball the Skirmisher (level 5, -2/41 HPs)
             Began as a Demonspawn Chaos Knight on Apr 23, 2014.
             Was a Plaything of Xom.
             Killed by divine providence
             ... invoked by an orc priest
              (12 damage)
             ... on Level 3 of the Dungeon.
             The game lasted 00:23:18 (3202 turns).

Golfball the Skirmisher (Demonspawn Chaos Knight)   Turns: 3202, Time: 00:23:18

HP  -2/41        AC 12     Str 16      XL: 5   Next:  2%
MP   0/5         EV  8     Int 13      God: Xom
Gold 94          SH  0     Dex 13      Spells:  0 memorised,  4 levels left

rFire  . . .     SeeInvis .     a - +0 short sword
rCold  . . .     Clarity  .     y - +0 chain mail
rNeg   . . .     Conserve +     (no shield)
rPois  .         rCorr    .     e - +0 helmet
rElec  .         rRot     .     (no cloak)
SustAb . .       Spirit   +     o - +1 pair of gloves {Str+3}
rMut   .         Warding  .     (no boots)
Saprov . . .     Stasis   .     s - amulet of conservation
MR     .....                    (no ring)
                                k - ring of sustenance

@: not resistant to hostile enchantments, extremely unstealthy
A: repulsion field 1, magic shield
a: Renounce Religion


You were on level 3 of the Dungeon.
You worshipped Xom.
You were a special plaything of Xom.
You were not hungry.

You visited 1 branch of the dungeon, and saw 3 of its levels.

You collected 94 gold pieces.

Inventory:

Hand weapons
 a - a +0,+0 short sword (weapon)
 v - a +0,+0 dagger
Armour
 b - a +2 leather armour
 e - a +0 helmet (worn)
 l - a +0 pair of gloves
 o - a +1 pair of gloves of strength (worn)
 t - a +0 chain mail
 y - a +0 chain mail (worn)
Comestibles
 c - 4 bread rations
 m - a slice of pizza
 n - 4 rotting chunks of jackal flesh
 q - 4 rotting chunks of orc flesh
 w - a lemon
Scrolls
 d - a scroll of magic mapping {unknown}
 f - a scroll of remove curse {unknown}
 g - a scroll of blinking {unknown}
 h - a scroll of enchant weapon II {unknown}
 i - a scroll of immolation
 p - 2 scrolls of random uselessness {unknown}
 z - a scroll of fear {unknown}
Jewellery
 k - a ring of sustenance (left hand)
 s - an amulet of conservation (around neck)
Potions
 j - a potion of brilliance {unknown}
 r - 2 potions of curing
Books
 u - a book of Debilitation

   Spells                             Type                      Level
   Corona                             Hexes                        1
   Slow                               Hexes                        2
   Inner Flame                        Hexes/Fire                   3
   Enslavement                        Hexes                        4
   Cause Fear                         Hexes                        4
   Leda's Liquefaction                Hexes/Earth                  4


   Skills:
 + Level 3.6 Fighting
   Level 3.3 Long Blades
 + Level 2.5 Armour
 + Level 2.7 Dodging
 + Level 0.8 Stealth


You had 4 spell levels left.
You didn't know any spells.

Dungeon Overview and Level Annotations

Branches:
Dungeon (3/15)

Altars:
Kikubaaqudgha
Nemelex Xobeh
Trog
Xom
Zin


Innate Abilities, Weirdness & Mutations

You are surrounded by a mild repulsion field (EV +2).
When hurt, damage is shared between your health and your magic reserves.


Message History

The orc priest becomes somewhat translucent.
The orc closely misses you. The orc hits you but does no damage.
You hit the giant mite.
You kill the giant mite!
You have reached level 5!
The orc throws a stone.
The stone hits you! The orc hits you but does no damage. x2
Your chain mail prevents you from hitting the orc.
The orc hits you but does no damage. x2
Some of the chunks of flesh in your inventory have completely rotted away.
Your chain mail prevents you from hitting the orc.
The orc priest invokes the aid of Beogh against you.
Something smites you! The orc hits you but does no damage.
The orc hits you with a whip.
* * * LOW HITPOINT WARNING * * *
The orc throws a stone.
The stone hits you!
The orc priest mumbles some strange prayers to Beogh against you.
Something smites you!
You die...
Xom titters!

.....+......# #.##....
###..##. ###.#...o..#
#.##.....# #..##.
#.#......#
#.##.....'....##.
#.#......#
#.##.....###.###.
####.#......#####+##.....
#.#.#.
...#.#...............#'###
#.#.#.
.#.#.#...................#
#.#... .+
#........o.oo.......#
#.#.## .###+##
#.(o.@(.......# #.#...
....... #....o........#
.#... .......
#.............# .#...
........ ##+#######....#
.#... ......). .
#....###.#<#. .###+###
#.+....'...#.#. ........
#.#....#####.#. ####.####
#.'<...'.....#. .........
#######....########


You could see an orc priest and 4 orcs.

Vanquished Creatures
  Ijyb (D:2)
  2 adders
  A giant mite (D:3)
  3 worms
  4 giant geckos
  3 orcs (D:3)
  8 bats
  2 giant cockroaches
  11 hobgoblins
  8 jackals
  A quokka (D:2)
  3 ball pythons
  10 giant newts
  7 goblins
  5 kobolds
  8 rats
77 creatures vanquished.

Notes
Turn   | Place    | Note
--------------------------------------------------------------
     0 | D:1      | Golfball, the Demonspawn Chaos Knight, began the quest for the Orb.
     0 | D:1      | Reached XP level 1. HP: 18/18 MP: 1/1
   335 | D:1      | XOM: harmless Pois miscast
   363 | D:1      | XOM: divination: detect items
   368 | D:1      | Reached skill level 1 in Dodging
   398 | D:1      | XOM: confuse monster(s)
   403 | D:1      | Gained mutation: When hurt, damage is shared between your health and your magic reserves. [demonic ancestry]
   403 | D:1      | Reached XP level 2. HP: 4/24 MP: 2/2
   500 | D:1      | XOM: divination: magic mapping
   619 | D:1      | XOM: divination: magic mapping
   864 | D:1      | XOM: divination: detect creatures
  1233 | D:2      | Reached XP level 3. HP: 20/29 MP: 3/3
  1441 | D:2      | Noticed Ijyb
  1467 | D:2      | Killed Ijyb
  1500 | D:2      | XOM: mild Erth miscast
  1816 | D:2      | XOM: harmless Hex miscast
  2028 | D:2      | Gained mutation: You are surrounded by a mild repulsion field (EV +2). [demonic ancestry]
  2028 | D:2      | Reached XP level 4. HP: 28/35 MP: 4/4
  2267 | D:3      | Found an ancient bone altar of Kikubaaqudgha.
  2347 | D:3      | Found a sparkling altar of Nemelex Xobeh.
  2449 | D:3      | Found a shimmering altar of Xom.
  2519 | D:3      | XOM: medium Ice miscast
  3024 | D:3      | Found a bloodstained altar of Trog.
  3026 | D:3      | Found a glowing silver altar of Zin.
  3194 | D:3      | XOM: swap weapons
  3199 | D:3      | Reached XP level 5. HP: 20/41 MP: 2/5
  3202 | D:3      | Killed from afar by an orc priest

Action                   |  1- 3 |  4- 6 || total
-------------------------+-------+-------++-------
Melee: Falchion          |   188 |   141 ||   329
       Short sword       |       |     7 ||     7
  Use: Scroll            |     2 |     3 ||     5
       Potion            |     3 |       ||     3
 Stab: Paralysed         |       |     1 ||     1
